 Dungeon Crawl Stone Soup version 0.20.1-1-g8b1a95d (webtiles) character file.

28112 letownia2 the Reanimator (level 13, 116/117 HPs)
             Began as a Deep Dwarf Necromancer on Nov 4, 2017.
             Was an Initiate of Gozag.
             Quit the game on level 9 of the Dungeon.
             The game lasted 00:57:34 (13764 turns).

letownia2 the Reanimator (Deep Dwarf Necromancer)  Turns: 13764, Time: 00:57:35

Health: 116/117    AC: 15    Str: 16    XL:     13   Next: 8%
Magic:  34/34      EV: 13    Int: 17    God:    Gozag
Gold:   591        SH:  0    Dex: 13    Spells: 15/29 levels left

rFire    + . .     SeeInvis +   a - +0 war axe (elec)
rCold    . . .     Gourm    .   (no shield)
rNeg     . . .     Faith    .   K - +3 leather armour {rF+}
rPois    .         Spirit   .   N - +2 helmet {SInv}
rElec    .         Reflect  .   G - +0 cloak
rCorr    .         Harm     .   (no gloves)
MR       +....                  U - +0 pair of boots
Stlth    ++........             e - amulet of magic regeneration
Regen    0.0/turn               k - +3 ring of protection
MPRegen  0.4/turn               u - ring of magical power

@: non-regenerating
A: damage resistance, heal wounds, sense surroundings 2, no regeneration
a: Heal Wounds, Potion Petition, Call Merchant, Bribe Branch, Renounce Religion


You were on level 9 of the Dungeon.
You worshipped Gozag.
Gozag was pleased with you.
You were full.

You visited 4 branches of the dungeon, and saw 15 of its levels.

You collected 4168 gold pieces.
You spent 324 gold pieces at shops.
You paid 3253 gold pieces to Gozag.

Inventory:

Hand Weapons
 a - a +0 war axe of electrocution (weapon)
 b - the +1 flail "Dolynaoq" {crush, rF- Int+2 Dex+2 Stlth+}
   (You found it on level 2 of the Lair of Beasts)

   It inflicts extra damage upon your enemies.
   It affects your intelligence (+2).
   It affects your dexterity (+2).
   It makes you vulnerable to fire.
   It makes you more stealthy.
 A - a +0 blowgun
 L - a +1 dire flail of holy wrath
 W - a +1 battleaxe of freezing
Missiles
 d - 47 poisoned needles
 w - 2 throwing nets (quivered)
 y - 6 curare-tipped needles
Armour
 r - a +2 robe of cold resistance
 x - the +1 hat of Snakes and Ladders {rF- rN+++ SInv}
   (You bought it in a shop on level 9 of the Dungeon)

   It makes you vulnerable to fire.
   It renders you almost immune to negative energy.
   It lets you see invisible.
 G - a +0 cloak (worn)
 K - a +3 leather armour of fire resistance (worn)
 N - a +2 helmet of see invisible (worn)
 U - a +0 pair of boots (worn)
 Z - a +0 scale mail
Jewellery
 e - an amulet of magic regeneration (around neck)
 k - a +3 ring of protection (left hand)
 u - a ring of magical power (right hand)
 P - an uncursed ring of see invisible
 X - an uncursed ring of ice
 Y - an uncursed ring of resist corrosion
Wands
 f - a wand of lightning (2/15)
 j - a wand of digging (10/24)
 o - a wand of disintegration (12/24)
 s - a wand of lightning (3/15)
 t - a wand of polymorph (10/24)
 F - a wand of disintegration (15/24)
 M - a wand of flame (18/48)
 Q - a wand of acid (0/15)
 R - a wand of acid (15/15)
Scrolls
 g - 5 scrolls of remove curse
 i - a scroll of torment {unknown}
 l - a scroll of blinking
 m - a scroll of fear
 q - 7 scrolls of teleportation
 z - a scroll of magic mapping
 O - 3 scrolls of fog
 S - a scroll of immolation
Potions
 h - 6 potions of curing {unknown}
 n - a potion of heal wounds {unknown}
 p - 2 potions of agility
 v - 2 potions of brilliance
 B - a potion of magic
 D - a potion of ambrosia
 E - 2 potions of lignification
 H - a potion of might
 I - 3 potions of cancellation
 J - 2 potions of haste {unknown}
 T - a potion of mutation {unknown}
 V - a potion of flight {unknown}
Comestibles
 c - 13 bread rations
 C - 7 meat rations


   Skills:
 + Level 8.2 Fighting
 + Level 7.6 Axes
 + Level 5.4 Armour
 - Level 4.0 Dodging
 - Level 2.4 Stealth
 - Level 8.9 Spellcasting
 - Level 2.4 Conjurations
 - Level 13.7 Necromancy
 - Level 2.1 Translocations
 - Level 2.7 Fire Magic
 - Level 4.0 Air Magic
 - Level 2.3 Poison Magic
 - Level 5.2 Evocations


You had 15 spell levels left.
You knew the following spells:

 Your Spells              Type           Power        Failure   Level  Hunger
a - Pain                  Necr           ####         1%          1    None
b - Blink                 Tloc           N/A          7%          2    None
c - Conjure Flame         Conj/Fire      ###.....     12%         3    None
e - Mephitic Cloud        Conj/Pois/Air  ###.....     10%         3    None
q - Poisonous Vapours     Pois/Air       ###...       4%          2    None
v - Vampiric Draining     Necr           ######....   1%          3    None


Dungeon Overview and Level Annotations

Branches:
Dungeon (10/15)            Temple (1/1) D:5            Lair (2/6) D:10
    Orc (2/2) D:9             Elf (0/3) Orc:2
  Swamp: Lair:2-4    Shoals: Lair:2-4     Snake: Lair:2-4    Spider: Lair:2-4

Altars:
Ashenzari
Cheibriados
Dithmenos
Fedhas
Gozag
Hepliaklqana
Kikubaaqudgha
Nemelex Xobeh
Okawaru
Ru
Sif Muna
Trog
Uskayaw
Vehumet
Xom
Zin
Beogh

Shops:
D:7 ?   D:9 [*   Orc:1 *   Orc:2 [*?[[   Lair:2 *[

Annotations:
D:10 exclusion: slime creature


Innate Abilities, Weirdness & Mutations

You are resistant to damage.
You can heal yourself by infusing magical energy.
You passively map the area around you.
You do not regenerate.


Message History

Wear which item? (? for menu, Esc to quit)
You start removing your armour.
You continue taking off the +1 hat of Snakes and Ladders {rF- rN+++ SInv}. x4
You finish taking off the +1 hat of Snakes and Ladders {rF- rN+++ SInv}.
You start putting on your armour.
You continue putting on your +2 helmet of see invisible. x5
You finish putting on your +2 helmet of see invisible.
You feel perceptive.
Unknown command.
(D) Dungeon (T) Temple (L) Lair (O) Orcish Mines (E) Elven Halls
Where to? (Enter - D:9 @ (x,y), ? - help)
What level of the Lair of Beasts? (default 1, ? - help)
Okay, then.
Unknown command.
Put on which piece of jewellery? (? for menu, Esc to quit)
Okay, then.
Wield which item (- for none, * to show all)? (? for menu, Esc to quit)
Okay, then.
Are you sure you want to abandon this character and quit the game? (Confirm with "yes".)

...............##.#....##.##.## #
#...#####...#######..........# #
#.......##).#.....#.......#### ##
#...###(##..8.....######### #.
#..(###.##[.')....#.......# #.
#...<##.###.8..⌠..#..###..# #.
#....##.# #[#.....#....#..######.
#.##.##.# #.#...∩.#..#...........
#.......###.#8._@>#.####.(#######
.###........#.....#...<...# .#
#..###.#.#.....#.......# .###..#
#.#.8..⌠..######### ......#
#...'.....# ..§.§.# #...8.....#
..§.§§# ###.#.....# ...§§##
#...####### ...§§# #)###..#


There were no monsters in sight!

Vanquished Creatures
  An orc warlord (Orc:2)
  A stone giant (Orc:2)
  Fannar (Lair:1)
  4 two-headed ogres
  5 orc high priests (Orc:2)
  The ghost of zorance the Thaumaturge, a novice DEFE of Vehumet (D:10)
  An orc sorcerer (Orc:2)
  5 orc knights (Orc:2)
  2 cyclopes (Orc:2)
  2 black mambas
  4 spiny frogs (Lair:2)
  A rime drake (Lair:2)
  A komodo dragon (Lair:1)
  2 trolls
  A merfolk (D:9)
  A slime creature (D:10)
  2 hippogriffs
  2 wyverns
  2 basilisks
  4 humans (D:10)
  4 yaks (D:10)
  2 wargs
  5 water moccasins
  10 porcupines
  A hornet zombie (D:7)
  2 ice beasts
  A black bear (D:10)
  34 orc warriors
  A sky beast (D:10)
  A necrophage (D:10)
  8 ogres
  8 wolves (Orc:2)
  3 centaurs
  3 crocodiles
  7 bullfrogs
  A gnoll sergeant (D:9)
  A big kobold (D:9)
  4 scorpions
  9 killer bees (D:10)
  3 crimson imps
  A bullfrog zombie (D:9)
  4 centaur skeletons
  A bullfrog skeleton (D:6)
  6 hounds
  22 orc priests
  4 jellies
  15 orc wizards
  5 iguanas
  8 worker ants
  A worker ant zombie (D:9)
  7 gnolls
  9 adders
  4 shadow imps
  An ooze (D:3)
  An adder zombie (D:8)
  An adder skeleton (D:5)
  A worm (D:2)
  A dart slug (D:1)
  3 leopard geckos
  82 orcs
  2 ball pythons (D:1)
  5 giant cockroaches
  10 goblins
  7 hobgoblins
  3 jackals (D:2)
  5 quokkas
  4 bats
  2 frilled lizards
  17 kobolds
  A leopard gecko skeleton (D:5)
  A leopard gecko zombie (D:5)
  3 quokka skeletons
  A quokka zombie (D:7)
  7 rats
396 creatures vanquished.

Vanquished Creatures (others)
  2 fungi (Lair:2)
  4 plants (Lair:2)
6 creatures vanquished.

Grand Total: 402 creatures vanquished

Notes
Turn   | Place    | Note
-------+----------+-------------------------------------------
     0 | D:1      | letownia2 the Deep Dwarf Necromancer began the quest for the Orb.
     0 | D:1      | Reached XP level 1. HP: 15/15 MP: 3/3
   379 | D:2      | Reached XP level 2. HP: 11/22 MP: 1/5
   775 | D:4      | Reached skill level 5 in Necromancy
   775 | D:4      | Reached XP level 3. HP: 14/28 MP: 1/6
   957 | D:4      | Noticed an ogre
  1023 | D:4      | Reached XP level 4. HP: 7/36 MP: 1/7
  1028 | D:4      | Learned a level 3 spell: Vampiric Draining
  1047 | D:4      | You fall through a shaft!
  1047 | D:5      | Entered Level 5 of the Dungeon
  1066 | D:5      | Found a sparkling altar of Nemelex Xobeh.
  1066 | D:5      | Found a blossoming altar of Fedhas.
  1347 | D:4      | Reached skill level 6 in Necromancy
  1441 | D:5      | Found a shattered altar of Ashenzari.
  1441 | D:5      | Found a staircase to the Ecumenical Temple.
  1598 | Temple   | Entered the Ecumenical Temple
  1678 | Temple   | Became a worshipper of Gozag Ym Sagoz the Greedy
  1696 | D:5      | Got an ichor-stained flail
  1699 | D:5      | Identified the cursed +2 flail of Impeachment {crush, Fragile +Blink rF- Int+6} (You found it on level 5 of the Dungeon)
  1715 | D:5      | Reached XP level 5. HP: 26/42 MP: 8/8
  1858 | D:5      | Found a snail-covered altar of Cheibriados.
  1858 | D:5      | Noticed a troll
  1904 | D:5      | Killed a troll
  1904 | D:5      | Reached skill level 1 in Fighting
  1904 | D:5      | Reached skill level 7 in Necromancy
  1904 | D:5      | Reached XP level 6. HP: 24/52 MP: 1/10
  2414 | D:3      | Reached XP level 7. HP: 32/60 MP: 6/12
  2916 | D:2      | Found a shadowy altar of Dithmenos.
  3965 | D:6      | Reached skill level 5 in Spellcasting
  3986 | D:6      | Learned a level 3 spell: Conjure Flame
  3990 | D:6      | Learned a level 3 spell: Mephitic Cloud
  3993 | D:6      | Learned a level 2 spell: Blink
  4029 | D:6      | Found an iron altar of Okawaru.
  4145 | D:6      | Found a bloodstained altar of Trog.
  4173 | D:6      | Reached XP level 8. HP: 57/68 MP: 2/15
  4181 | D:6      | Reached skill level 1 in Conjurations
  4293 | D:6      | Reached skill level 1 in Translocations
  4293 | D:6      | Reached skill level 1 in Fire Magic
  4349 | D:6      | Reached skill level 1 in Poison Magic
  4434 | D:7      | Found Wufed's Magic Scroll Shoppe.
  4454 | D:7      | Reached skill level 1 in Air Magic
  4514 | D:7      | Found an ancient bone altar of Kikubaaqudgha.
  4588 | D:7      | Found a hide-covered altar of Uskayaw.
  4588 | D:7      | Found a shattered altar of Ashenzari.
  5216 | D:8      | Noticed a hippogriff
  5246 | D:8      | Killed a hippogriff
  5246 | D:8      | Gained mutation: You passively map the area around you. [Deep Dwarf growth]
  5246 | D:8      | Reached XP level 9. HP: 61/74 MP: 1/19
  5370 | D:8      | Noticed a gargoyle
  5770 | D:8      | Noticed a two-headed ogre
  5826 | D:8      | Killed a two-headed ogre
  6019 | D:8      | Reached skill level 8 in Necromancy
  6111 | D:8      | Found a hazy altar of Hepliaklqana.
  6280 | D:9      | Reached skill level 1 in Evocations
  6326 | D:9      | Reached XP level 10. HP: 77/85 MP: 5/21
  6389 | D:9      | Found a sacrificial altar of Ru.
  6454 | D:9      | Found a radiant altar of Vehumet.
  6462 | D:9      | Noticed a two-headed ogre
  6481 | D:9      | Killed a two-headed ogre
  7005 | D:9      | Reached skill level 9 in Necromancy
  7005 | D:9      | Reached skill level 5 in Evocations
  7077 | D:9      | Reached skill level 5 in Fighting
  7093 | D:9      | Learned a level 2 spell: Poisonous Vapours
  7103 | D:9      | Found a roughly hewn altar of Beogh.
  7103 | D:9      | Found a staircase to the Orcish Mines.
  7417 | D:10     | Entered Level 10 of the Dungeon
  7511 | D:10     | Reached skill level 1 in Axes
  7692 | D:10     | Noticed zorance's ghost (novice DEFE)
  7707 | D:10     | Killed zorance's ghost
  7888 | D:10     | Reached XP level 11. HP: 82/97 MP: 4/22
  8153 | D:10     | Found a staircase to the Lair.
  8170 | D:10     | Reached skill level 10 in Necromancy
  8507 | D:10     | Noticed a two-headed ogre
  8520 | D:10     | Killed a two-headed ogre
  8646 | Orc:1    | Entered Level 1 of the Orcish Mines
  8833 | Orc:1    | Found Eco Dyur's Assorted Antiques.
  8941 | Orc:2    | Entered Level 2 of the Orcish Mines
  8941 | Orc:2    | Noticed an orc sorcerer
  8941 | Orc:2    | Noticed an orc warlord
  9019 | Lair:1   | Entered Level 1 of the Lair of Beasts
  9306 | Lair:1   | Reached skill level 5 in Armour
  9378 | Lair:1   | Noticed Fannar
  9463 | Lair:1   | Killed Fannar
  9659 | Lair:1   | Reached skill level 11 in Necromancy
  9991 | Lair:2   | Noticed a five-headed hydra
 10349 | Lair:2   | Got an iridescent flail
 11103 | Orc:2    | Reached XP level 12. HP: 108/110 MP: 12/23
 11112 | Orc:2    | Found Xoatim's Antique Armour Boutique.
 11126 | Orc:1    | Noticed an orc warlord
 11126 | Orc:1    | Noticed an orc warlord
 11132 | Orc:2    | Noticed a two-headed ogre
 11144 | Orc:2    | Killed a two-headed ogre
 11428 | Orc:2    | Reached skill level 12 in Necromancy
 11430 | Orc:2    | Killed an orc warlord
 11751 | Orc:2    | Noticed a stone giant
 11770 | Orc:2    | Killed a stone giant
 11847 | Orc:2    | Found a staircase to the Elven Halls.
 12008 | Orc:2    | Reached skill level 5 in Axes
 12258 | Orc:2    | Noticed an orc high priest
 12486 | Orc:2    | Killed an orc high priest
 12486 | Orc:2    | Reached skill level 13 in Necromancy
 12979 | Orc:2    | Noticed an orc high priest
 12980 | Orc:2    | Noticed an orc high priest
 12996 | Orc:2    | Killed an orc high priest
 13002 | Orc:2    | Killed an orc high priest
 13300 | Orc:2    | Reached XP level 13. HP: 100/117 MP: 13/25
 13482 | Orc:2    | Found Ciohunig's Assorted Antiques.
 13482 | Orc:2    | Found Huadwopu's Antique Armour Boutique.
 13483 | Orc:2    | Found Goynogoh's Armour Boutique.
 13483 | Orc:2    | Found Pigug's Magic Scroll Shop.
 13490 | Orc:2    | Bought a scroll labeled YBROL YFUSM for 36 gold pieces
 13644 | Lair:2   | Identified the cursed +1 flail "Dolynaoq" {crush, rF- Int+2 Dex+2 Stlth+} (You found it on level 2 of the Lair of Beasts)
 13723 | D:9      | Bought a scorched hat for 288 gold pieces
 13733 | D:9      | Identified the +1 hat of Snakes and Ladders {rF- rN+++ SInv} (You bought it in a shop on level 9 of the Dungeon)
 13764 | D:9      | Quit the game

Skill      XL: |  1  2  3  4  5  6  7  8  9 10 11 12 |
---------------+-------------------------------------+-----
Spellcasting   | 2 3 5 7 8 |  8.9
Necromancy     | 5 6 7 8 9 11 13 | 13.7
Fighting       | 1 2 3 5 8 |  8.2
Armour         | 2 3 5 |  5.4
Conjurations   | 1 2 |  2.4
Translocations | 2 |  2.1
Fire Magic     | 1 2 |  2.7
Poison Magic   | 1 2 |  2.3
Air Magic      | 1 3 4 |  4.0
Evocations     | 2 5 |  5.2
Axes           | 3 4 7 |  7.6
Dodging        | 3 4 |  4.0
Stealth        | |  2.4

Action                   |  1- 3 |  4- 6 |  7- 9 | 10-12 | 13-15 || total
-------------------------+-------+-------+-------+-------+-------++-------
Melee: Unarmed           |    15 |       |       |       |       ||    15
       Dagger            |       |    19 |       |       |       ||    19
       Flail             |       |    19 |   138 |   257 |    13 ||   427
Throw: Throwing net      |       |       |       |     1 |       ||     1
 Cast: Pain              |    51 |    35 |   139 |   168 |       ||   393
       Vampiric Draining |       |    14 |    67 |   184 |     4 ||   269
       Conjure Flame     |       |       |    10 |    58 |     3 ||    71
       Mephitic Cloud    |       |       |     2 |    26 |     3 ||    31
       Blink             |       |       |     1 |     8 |       ||     9
       Poisonous Vapours |       |       |       |   170 |     6 ||   176
Invok: Call Merchant     |       |       |       |     3 |     1 ||     4
Evoke: Wand              |       |     2 |     1 |    15 |       ||    18
  Use: Scroll            |       |       |     2 |    20 |     2 ||    24
 Stab: Sleeping          |       |     1 |     1 |       |       ||     2
       Distracted        |       |       |     1 |     2 |       ||     3
       Confused          |       |       |       |     7 |       ||     7
  Eat: Chunk             |     1 |     3 |       |       |       ||     4
       Meat ration       |       |     1 |     1 |     2 |     1 ||     5
       Fruit             |       |       |     5 |    11 |       ||    16
       Royal jelly       |       |       |     1 |     2 |       ||     3
Armor: Robe              |     4 |     4 |       |       |       ||     8
       Ring mail         |       |    21 |    99 |       |       ||   120
       Leather armour    |       |       |     8 |   201 |     3 ||   212
Dodge: Dodged            |    20 |    41 |   122 |   319 |    11 ||   513
